 Dungeon Crawl Stone Soup version 0.26.0-10-g1f06aea511 (webtiles) character file.

Game seed: 17674939233737894721

926 Dirian the Slasher (level 7, 0/61 HPs)
             Began as a Minotaur Fighter on Jan 15, 2021.
             Was a Priest of Zin.
             Slain by an orc warrior
             ... wielding a +0 long sword
              (11 damage)
             ... on level 6 of the Dungeon.
             The game lasted 00:07:36 (6094 turns).

Dirian the Slasher (Minotaur Fighter)               Turns: 6094, Time: 00:07:36

Health: 0/61       AC:  9    Str: 22    XL:     7   Next: 85%
Magic:  8/8        EV:  7    Int: 11    God:    Zin [***...]
Gold:   260        SH: 15    Dex: 10    Spells: 6/6 levels left

rFire    . . .     SeeInvis .   a - +0 long sword
rCold    . . .     Faith    .   c - +0 kite shield
rNeg     . . .     Spirit   .   b - +0 scale mail
rPois    .         Reflect  +   (helmet restricted)
rElec    .         Harm     .   (no cloak)
rCorr    +         Rampage  .   (no gloves)
Will     .....                  n - +0 pair of boots
Stlth    ..........             s - amulet of reflection
HPRegen  0.20/turn              g - ring of resist corrosion
MPRegen  0.11/turn              o - +6 ring of intelligence

@: mighty
A: retaliatory headbutt, horns 2
a: Renounce Religion, Recite, Vitalisation, Imprison, Donate Gold


You were on level 6 of the Dungeon.
You worshipped Zin.
Zin was most pleased with you.
You visited 1 branch of the dungeon, and saw 6 of its levels.

You collected 288 gold pieces.
You donated 28 gold pieces to Zin.

Inventory:

Hand Weapons
 a - a +0 long sword (weapon)
 p - a +0 falchion
Armour
 b - a +0 scale mail (worn)
 c - a +0 kite shield (worn)
 n - a +0 pair of boots (worn)
 q - a +2 plate armour of cold resistance
Jewellery
 g - a ring of resist corrosion (left hand)
 o - a +6 ring of intelligence (right hand)
 r - an uncursed amulet of regeneration {unknown}
 s - an amulet of reflection (around neck)
Wands
 e - a wand of disintegration (10)
 i - a wand of paralysis (20)
Scrolls
 f - 3 scrolls of fear
 h - 2 scrolls of fog
 j - a scroll of magic mapping {unknown}
 t - 2 scrolls of teleportation
Potions
 k - a potion of mutation {unknown}
 l - a potion of flight {unknown}
 m - 3 potions of attraction
 u - 2 potions of berserk rage {unknown}


   Skills:
 + Level 5.4 Fighting
 + Level 6.6 Long Blades
 + Level 6.4 Armour
 - Level 5.0 Shields
 * Level 3.4 Invocations


You had 6 spell levels left.
You didn't know any spells.
Your spell library contained the following spells:

 Spells                   Type           Power        Failure   Level
 Animate Skeleton         Necr           0%           97%         1
 Apportation              Tloc           0%           97%         1
 Beastly Appendage        Tmut           0%           97%         1
 Corona                   Hex            0%           97%         1
 Summon Small Mammal      Summ           0%           97%         1
 Wereblood                Tmut           0%           99%         2
 Spider Form              Tmut/Pois      0%           100%        3
 Ice Form                 Ice/Tmut       0%           100%        4
 Blade Hands              Tmut           0%           100%        5


Dungeon Overview and Level Annotations

Branches:
Dungeon (6/15)             Temple (0/1) D:4

Altars:
Ashenzari
Cheibriados
Elyvilon
Fedhas
Hepliaklqana
Makhleb
Nemelex Xobeh
Ru
Sif Muna
Vehumet
Wu Jian
Yredelemnul
Zin

Annotations:
D:5 Prince Ribbit


Innate Abilities, Weirdness & Mutations

You reflexively headbutt those who attack you in melee.
You have a pair of horns on your head.


Message History

You closely miss the orc wizard.
The orc wizard is lightly wounded.
You block the orc wizard's attack.
The orc warrior hits you with a +0 long sword!
You hit the orc wizard. You headbutt the orc wizard!
The orc wizard is severely wounded.
You block the orc wizard's attack. You block the orc warrior's attack.
You closely miss the orc wizard. You headbutt the orc wizard.
The orc wizard is almost dead.
You block the orc wizard's attack.
The orc wizard gestures at you while chanting.
The puff of flame hits you!
* * * LOW HITPOINT WARNING * * *
You feel very mighty all of a sudden. You block the orc warrior's attack.
You block the orc wizard's attack.
The orc warrior seems less confused.
You block the orc wizard's attack.
You slash the orc wizard!
You kill the orc wizard!
The orc warrior hits you with a +0 long sword!
You die...

###### #.(..#
#....# #..)@#
#...o########
#....†......#
##...))..#..#
#
#.......#.##.#
#######......#
###.#### #.#
#.#


You could see an orc warrior.

Vanquished Creatures
  An ogre (D:4)
  2 ice beasts
  A scorpion (D:4)
  A jelly (D:5)
  2 hounds (D:4)
  2 bullfrog skeletons (D:4)
  3 orc priests
  Ijyb (D:5)
  Terence (D:3)
  An orc wizard (D:6)
  5 worker ants
  A hound zombie (D:6)
  4 gnolls (D:5)
  5 adders
  A white imp (D:5)
  3 oozes
  2 adder skeletons (D:4)
  3 worms
  A dart slug (D:2)
  4 leopard geckos
  6 orcs
  2 ball pythons (D:4)
  3 giant cockroaches
  2 goblins
  4 hobgoblins
  12 jackals
  2 quokkas
  6 bats
  3 frilled lizards
  A jackal zombie (D:5)
  2 kobolds
  6 rats
93 creatures vanquished.

Notes
Turn   | Place    | Note
-------+----------+-------------------------------------------
     0 | D:1      | Dirian the Minotaur Fighter began the quest for the Orb.
     0 | D:1      | Reached XP level 1. HP: 19/19 MP: 0/0
   183 | D:1      | Reached XP level 2. HP: 21/27 MP: 1/1
   781 | D:2      | Found a radiant altar of Vehumet.
   788 | D:2      | Found a shimmering blue altar of Sif Muna.
   795 | D:2      | Found a snail-covered altar of Cheibriados.
   802 | D:2      | Found a white marble altar of Elyvilon.
   809 | D:2      | Found a hazy altar of Hepliaklqana.
   816 | D:2      | Found a burning altar of Makhleb.
   821 | D:2      | Found a glowing silver altar of Zin.
   846 | D:2      | Reached XP level 3. HP: 28/33 MP: 2/2
   866 | D:2      | Became a worshipper of Zin the Law-Giver
  1205 | D:2      | Reached * piety under Zin
  1973 | D:3      | Reached XP level 4. HP: 31/40 MP: 3/3
  2342 | D:3      | Found a basalt altar of Yredelemnul.
  2556 | D:3      | Noticed Terence
  2569 | D:3      | Killed Terence
  2771 | D:3      | Reached ** piety under Zin
  3022 | D:4      | Noticed an ogre
  3034 | D:4      | Killed an ogre
  3035 | D:4      | Reached skill level 1 in Invocations
  3035 | D:4      | Reached XP level 5. HP: 30/47 MP: 4/4
  3096 | D:4      | Reached skill level 5 in Armour
  3401 | D:4      | Found a blossoming altar of Fedhas.
  3456 | D:4      | Reached XP level 6. HP: 53/53 MP: 6/6
  3464 | D:4      | Found an ornate altar of the Wu Jian Council.
  3464 | D:4      | Found a sacrificial altar of Ru.
  3923 | D:4      | Reached skill level 5 in Shields
  3959 | D:4      | Reached skill level 5 in Long Blades
  3987 | D:4      | Found a staircase to the Ecumenical Temple.
  4311 | D:5      | Entered Level 5 of the Dungeon
  4510 | D:5      | Found a sparkling altar of Nemelex Xobeh.
  4804 | D:5      | Reached XP level 7. HP: 60/60 MP: 7/7
  4841 | D:5      | Reached skill level 5 in Fighting
  4855 | D:5      | Noticed Prince Ribbit
  5069 | D:5      | Identified the cursed +1 trident "Killer Klown's Foe"
                  | {vorpal, rC- Str+5 SInv}
  5102 | D:5      | Reached *** piety under Zin
  5563 | D:5      | Noticed Ijyb
  5573 | D:5      | Killed Ijyb
  5922 | D:6      | Found a broken altar of Ashenzari.
  6094 | D:6      | Slain by an orc warrior

Illustrated notes

Levels and vault maps discovered:
D:1:      psy_arrival_terrarium, layout_rooms, kennysheep_small_spiral
D:2:      layout_basic, grunt_temple_overflow_octagram,
          hangedman_decor_clover_reticule
D:3:      layout_basic, lemuel_crystal_altar, uniq_terence
D:4:      layout_rooms, gammafunk_temple_overflow_wave, marbit_many_paths,
          minmay_temple_entry_from_below_a, kennysheep_generic_room_2
D:5:      layout_basic, hangedman_abyss_or_decor_stabs, kennysheep_cross_room,
          nemelex_altar_shiori, uniq_prince_ribbit1, uniq_ijyb
D:6:      layout_basic, evilmike_ruin_ashenzari, mrwooster_statue_mirror

Skill      XL: |  1  2  3  4  5  6  7 |
---------------+----------------------+-----
Shields        | 4 5 |  5.0
Fighting       | 4 5 |  5.4
Armour         | 4 5 6 |  6.4
Long Blades    | 3 4 5 6 |  6.6
Invocations    | 1 2 3 |  3.4

Action                   |  1- 3 |  4- 6 |  7- 9 || total
-------------------------+-------+-------+-------++-------
Melee: Long sword        |    82 |   126 |    98 ||   306
       Headbutt          |    11 |    28 |    18 ||    57
Invok: Recite            |       |     1 |     5 ||     6
  Use: Scroll            |       |    10 |       ||    10
       Potion            |       |     2 |     3 ||     5
 Stab: Invisible         |       |       |     1 ||     1
Armor: Scale mail        |    41 |    29 |    19 ||    89
Dodge: Dodged            |    26 |    32 |    21 ||    79
Block: Kite shield       |    36 |   101 |    78 ||   215
       Rpst.: Long sword |     8 |     8 |     5 ||    21
